Map: Acid Plant LE

Players

Starlord - Winner!

  • Race: Protoss Protoss
  • League: Grandmaster
  • Spawn Location: 11:00

Hupsaiya

  • Race: Protoss Protoss
  • League: Master
  • Spawn Location: 5:00

VOD

Have the link to the VOD?

Description

Time

  • Played on: July 4, 2018, 10:04 p.m.
  • Length: 6:22
Show
View Real Time Build Order
Export as new Build Order

Starlord Protoss - Winner!

Build Orders: Phoenix Opening 

Get SALT Encoding   

  12  0:01  Probe  
  13  0:13  Probe  
  14  0:20  Pylon  
  14  0:25  Probe  
  15  0:35  Probe  
  15  0:40  Gateway  
  16  0:45  Assimilator, Probe  
  17  0:55  Probe  
  18  1:05  Pylon  
  18  1:08  Probe  
  19  1:13  Pylon  
  19  1:20  Assimilator, Probe  
  20  1:31  Cybernetics Core  
  20  1:34  Gateway  
  20  1:38  Probe  
  21  1:41  Pylon  
  21  1:50  Probe  
  22  1:58  Pylon  
  22  2:02  Probe  
  23  2:11  Stalker  
  25  2:18  Probe  
  26  2:23  Stargate  
  26  2:29  Stalker  
  28  2:32  Probe  
  29  2:53  Zealot  
  31  2:59  Pylon  
  31  3:05  Phoenix, Pylon  
  31  3:10  Zealot  
  35  3:22  Phoenix  
  35  3:23  Zealot  
  39  3:36  Pylon  
  39  3:38  Robotics Facility  
  39  3:40  Phoenix  
  41  3:58  Zealot x2  
  41  4:00  Phoenix  
  46  4:21  Phoenix  
  46  4:29  Shield Battery  
  48  4:45  Phoenix  
  48  4:55  Shield Battery  
  48  4:56  Zealot  
  48  4:57  Zealot  
  52  5:07  Phoenix  
  54  5:20  Twilight Council  
  54  5:21  Nexus  
  54  5:24  Pylon  
  54  5:40  Phoenix  
Show
View Real Time Build Order
Export as new Build Order

Hupsaiya Protoss 

Build Orders: Phoenix Opening 

Get SALT Encoding   

  12  0:02  Probe  
  13  0:15  Probe  
  13  0:19  Pylon  
  14  0:27  Probe  
  15  0:28  Assimilator  
  15  0:37  Probe  
  15  0:39  Gateway  
  16  0:45  Probe  
  17  0:50  Assimilator  
  17  0:55  Probe  
  17  0:59  Assimilator  
  18  1:11  Probe  
  19  1:23  Gateway, Probe  
  20  1:26  Cybernetics Core  
  20  1:35  Probe  
  21  1:47  Probe, Pylon  
  22  2:04  Warp Gate  
  22  2:13  Adept  
  22  2:14  Adept  
  22  2:16  Stargate  
  22  2:17  Probe  
  27  2:37  Pylon  
  27  2:39  Adept x2  
  30  2:53  Probe  
  31  2:59  Phoenix  
  33  3:07  Adept x2  
  33  3:11  Pylon  
  37  3:15  Phoenix  
  39  3:33  Probe  
  40  3:44  Phoenix  
  43  3:48  Probe  
  43  3:56  Robotics Facility  
  43  4:00  Gateway  
  43  4:19  Stalker x2  
  43  4:22  Pylon  
  41  4:53  Phoenix  
  41  4:57  Nexus  
  41  5:01  Shield Battery  
  39  5:08  Immortal  
  37  5:17  Phoenix  
  43  5:30  Shield Battery  
  43  5:34  Probe  
  44  5:36  Sentry  
  46  5:47  Zealot  
  46  5:48  Zealot  
  40  6:06  Stalker  
Tags
 
Add a new tag
Caveats
  • Supply blocks, unpowered buildings, or Contaminate may cause inaccurate times.
  • Supply counts are checked every 10 seconds.